 Dungeon Crawl Stone Soup version 0.21.1-1-g345015f (webtiles) character file.

13 iamserjio the Charmwright (level 2, -1/26 HPs)
             Began as a Gnoll Skald on June 23, 2018.
             Slain by an orc
             ... wielding a +0 flail
              (8 damage)
             ... on level 3 of the Dungeon.
             The game lasted 00:01:33 (198 turns).

iamserjio the Charmwright (Gnoll Skald)              Turns: 198, Time: 00:01:34

Health: -1/26      AC:  3    Str: 13    XL:     2   Next: 37%
Magic:  6/7        EV: 14    Int: 15    God:
Gold:   39         SH:  0    Dex: 14    Spells: 7/10 levels left

rFire    . . .     SeeInvis .   a - +0 hand axe
rCold    . . .     Gourm    .   (no shield)
rNeg     . . .     Faith    .   b - +0 leather armour
rPois    .         Spirit   .   (no helmet)
rElec    .         Reflect  .   (no cloak)
rCorr    .         Harm     .   (no gloves)
MR       .....                  (no boots)
Stlth    +.........             (no amulet)
HPRegen  0.08/turn              (no ring)
MPRegen  0.10/turn              (no ring)

@: singing
A: distributed training, fangs 1, strong nose
a: no special abilities


You were on level 3 of the Dungeon.
You were not hungry.

You visited 1 branch of the dungeon, and saw 4 of its levels.

You collected 39 gold pieces.

Inventory:

Hand Weapons
 a - a +0 hand axe (weapon)
Armour
 b - a +0 leather armour (worn)
Scrolls
 e - 2 scrolls of enchant weapon {unknown}
 f - a scroll of fog {unknown}
 g - a scroll of magic mapping {unknown}
 h - a scroll of identify {unknown}
Books
 c - a book of Battle

   Spells                             Type                      Level
   a - Infusion                       Charms                       1
   b - Shroud of Golubria             Charms/Translocation         2
   c - Song of Slaying                Charms                       2
   d - Spectral Weapon                Hexes/Charms                 3
   e - Regeneration                   Charms/Necromancy            3
Comestibles
 d - a ration


   Skills:
 + Level 4.4 Fighting
 + Level 0.3 Short Blades
 + Level 0.3 Long Blades
 + Level 4.4 Axes
 + Level 0.3 Maces & Flails
 + Level 0.3 Polearms
 + Level 0.3 Staves
 + Level 0.3 Slings
 + Level 0.3 Bows
 + Level 0.3 Crossbows
 + Level 0.3 Throwing
 + Level 2.4 Armour
 + Level 4.4 Dodging
 + Level 0.3 Stealth
 + Level 0.3 Shields
 + Level 0.3 Unarmed Combat
 + Level 4.9 Spellcasting
 + Level 0.2 Conjurations
 + Level 0.2 Hexes
 + Level 5.3 Charms
 + Level 0.2 Summonings
 + Level 0.2 Necromancy
 + Level 0.2 Translocations
 + Level 0.2 Transmutations
 + Level 0.2 Fire Magic
 + Level 0.2 Ice Magic
 + Level 0.2 Air Magic
 + Level 0.2 Earth Magic
 + Level 0.2 Poison Magic
 + Level 0.4 Invocations
 + Level 0.3 Evocations


You had 7 spell levels left.
You knew the following spells:

 Your Spells              Type           Power        Failure   Level  Hunger
a - Infusion              Chrm           ###.         2%          1    None
b - Song of Slaying       Chrm           ###.....     3%          2    ##.....


Dungeon Overview and Level Annotations

Branches:
Dungeon (4/15)
 Temple: D:4-7

Altars:


Innate Abilities, Weirdness & Mutations

Your experience applies equally to all skills.
You have very sharp teeth.
Your uncanny sense of smell can sniff out nearby items.


Message History

The orc hits you with a flail.
You barely miss the orc.
The orc is moderately wounded.
You closely miss the orc. You bite the orc.
The orc is moderately wounded.
You barely miss the orc. The orc hits you with a mace. The orc misses you.
The orc wizard barely misses you.
You slash the orc!
You kill the orc!
You hit the orc wizard. You hit the orc but do no damage.
The orc hits you with a flail.
The orc wizard mumbles some strange words.
The orc wizard seems to speed up.
A dart slug comes into view.
You closely miss the orc wizard.
The orc wizard is moderately wounded.
You hit the orc. x2; The orc wizard closely misses you.
The orc hits you.
* * * LOW HITPOINT WARNING * * *
The orc hits you with a flail!
You die...

#...# ########### #
#.#.# ##..?(..... ..
#.#.#####.........
...
.............(...##..
...................
..##....##.....†.#
#.# #..........#
#.########.......#
........##.....o@#
........##..>..oo#
.........#......wg...
.........#######.....
.......... ####... ∆
........#. ...
.......... .w
........#. ..
..........


You could see a worm, an orc wizard, a dart slug, 2 orcs and a hobgoblin.

Vanquished Creatures
  A dart slug (D:1)
  2 orcs (D:3)
  A giant cockroach (D:3)
  A frilled lizard (D:2)
  2 kobolds (D:1)
  3 rats
10 creatures vanquished.

Notes
Turn   | Place    | Note
-------+----------+-------------------------------------------
     0 | D:1      | iamserjio the Gnoll Skald began the quest for the Orb.
     0 | D:1      | Reached XP level 1. HP: 20/20 MP: 6/6
     1 | D:1      | Noticed an electric eel
   114 | D:2      | Reached XP level 2. HP: 26/26 MP: 7/7
   133 | D:3      | Learned a level 2 spell: Song of Slaying
   198 | D:3      | Slain by an orc

Action                   || total
-------------------------++-------
Melee: Hand axe          ||    23
       Bite              ||     4
 Cast: Infusion          ||     1
       Song of Slaying   ||     1
Armor: Leather armour    ||     5
Dodge: Dodged            ||    14
